Map: Eternal Empire LE

Players

ViBE - Winner!

  • Race: Protoss Protoss
  • League: Bronze
  • Spawn Location: 1:00

WoundedOgre

  • Race: Protoss Protoss
  • Spawn Location: 7:00

VOD

https://www.youtube.com/watch?v=kuS_PgtyAP8&list=PLFeZeom2b4DmHduNHeFj-6PfoasuSQn3P&index=2

Description

Time

  • Played on: Dec. 4, 2019, 7:38 p.m.
  • Length: 18:20
Show
View Real Time Build Order
Export as new Build Order

ViBE Protoss - Winner!

Build Orders:  

Get SALT Encoding   

  12  0:01  Probe  
  13  0:13  Probe  
  14  0:18  Pylon  
  14  0:25  Probe  
  15  0:37  Probe (Chrono Boost)  
  15  0:41  Gateway  
  16  0:49  Probe (Chrono Boost)  
  17  0:52  Assimilator  
  17  0:55  Probe (Chrono Boost)  
  18  1:03  Probe  
  19  1:15  Probe (Chrono Boost)  
  19  1:17  Gateway  
  21  1:26  Assimilator  
  21  1:27  Probe (Chrono Boost)  
  21  1:30  Cybernetics Core  
  21  1:32  Probe (Chrono Boost)  
  21  1:36  Pylon  
  22  1:42  Probe  
  23  1:54  Probe  
  24  2:07  Probe  
  25  2:10  Nexus  
  25  2:19  Probe  
  26  2:23  Stalker  
  28  2:31  Probe  
  28  2:34  Stalker  
  31  2:40  Pylon  
  31  2:51  Pylon  
  31  2:58  Probe  
  31  3:00  Stalker  
  34  3:10  Probe, Stalker  
  34  3:24  Probe x2 (Chrono Boost)  
  34  3:30  Stalker  
  37  3:36  Probe x2 (Chrono Boost)  
  37  3:40  Probe x2 (Chrono Boost)  
  37  3:45  Stalker  
  41  3:50  Probe x2  
  41  3:53  Pylon  
  43  4:02  Probe  
  44  4:03  Probe  
  44  4:07  Stalker  
  47  4:14  Probe  
  47  4:15  Probe  
  49  4:21  Stalker  
  51  4:29  Probe x2  
  53  4:37  Stalker  
  55  4:44  Nexus  
  55  4:47  Probe x2  
  55  4:51  Stalker  
  59  4:56  Pylon  
  59  4:58  Warp Gate  
  59  5:13  Probe x2  
  61  5:16  Stalker  
  61  5:21  Stalker  
  65  5:24  Assimilator  
  65  5:25  Assimilator  
  65  5:28  Probe x2  
  67  5:33  Robotics Facility  
  67  5:40  Probe x2  
  69  5:57  Probe x2  
  69  5:58  Probe  
  72  6:08  Robotics Facility  
  72  6:13  Pylon  
  72  6:15  Pylon  
  74  6:18  Probe  
  74  6:19  Probe x2, Pylon, Immortal (Chrono Boost)  
  74  6:21  Pylon  
  79  6:30  Probe  
  79  6:31  Probe x2  
  82  6:43  Probe x2  
  85  6:50  Nexus  
  84  6:55  Immortal (Chrono Boost)  
  84  6:59  Immortal (Chrono Boost)  
  84  7:00  Probe x2  
  64  7:11  Pylon  
  64  7:12  Probe x2  
  50  7:24  Immortal (Chrono Boost)  
  58  7:31  Probe x2  
  58  7:34  Immortal (Chrono Boost)  
  58  7:36  Assimilator  
  60  7:37  Assimilator  
  60  7:43  Probe x2  
  62  7:48  Gateway  
  62  7:50  Gateway  
  62  7:55  Probe  
  62  7:56  Immortal (Chrono Boost)  
  67  8:03  Probe x2  
  69  8:07  Probe  
  70  8:25  Assimilator x2  
  65  8:27  Nexus  
  57  8:43  Immortal (Chrono Boost)  
  57  8:46  Immortal  
  65  8:51  Probe  
  65  8:52  Probe  
  67  9:03  Probe, Pylon  
  67  9:04  Probe  
  67  9:09  Cybernetics Core  
  69  9:10  Gateway  
  69  9:12  Gateway  
  69  9:16  Probe (Chrono Boost)  
  70  9:18  Probe (Chrono Boost)  
  71  9:29  Probe (Chrono Boost)  
  71  9:30  Probe (Chrono Boost)  
  73  9:33  Observer, Immortal  
  73  9:37  Probe x2 (Chrono Boost)  
  80  9:42  Probe x2  
  80  9:45  Probe  
  76  9:54  Probe x2  
  76  9:57  Probe  
  76  10:06  Probe x2  
  77  10:09  Probe  
  78  10:18  Probe x2  
  80  10:23  Nexus  
  80  10:24  Probe  
  81  10:29  Stalker x4  
  81  10:30  Probe x2  
  81  10:32  Pylon  
  88  10:38  Unknown  
  88  10:48  Immortal  
  88  10:49  Probe  
  97  10:51  Probe  
  97  10:52  Probe  
  95  11:01  Probe  
  95  11:03  Stalker x3  
  95  11:04  Stalker  
  104  11:10  Probe x2  
  106  11:13  Probe  
  107  11:22  Probe x2  
  109  11:26  Probe  
  109  11:32  Observer x2  
  112  11:33  Stalker x2  
  112  11:34  Probe  
  112  11:36  Nexus, Stalker  
  112  11:39  Stalker  
  121  11:42  Probe x2  
  121  11:43  Probe  
  124  11:57  Stalker x2  
  128  12:02  Pylon  
  126  12:14  Pylon  
  126  12:21  Probe  
  126  12:22  Probe x3  
  130  12:24  Stalker x4  
  130  12:28  Nexus  
  138  12:33  Gateway  
  138  12:35  Gateway  
  138  12:37  Gateway  
  138  12:38  Gateway  
  138  12:42  Pylon  
  138  12:43  Probe  
  138  12:44  Probe x3  
  141  12:47  Pylon  
  142  12:52  Stalker x3  
  148  13:00  Pylon  
  148  13:02  Probe x3, Pylon x2  
  148  13:03  Probe x2  
  153  13:09  Pylon  
  153  13:19  Stalker x2  
  145  13:23  Probe x3  
  145  13:24  Probe  
  145  13:26  Gateway  
  149  13:27  Gateway  
  149  13:29  Gateway  
  149  13:30  Gateway  
  149  13:32  Gateway, Stalker  
  149  13:33  Stalker x2  
  149  13:34  Gateway, Stalker  
  155  13:39  Robotics Facility  
  155  13:41  Robotics Facility  
  157  13:43  Robotics Facility  
  157  13:48  Assimilator  
  157  13:50  Assimilator  
  157  13:51  Unknown  
  157  13:53  Assimilator  
  157  13:54  Assimilator  
  157  14:00  Stalker  
  157  14:01  Stalker x4  
  157  14:02  Stalker  
  169  14:16  Forge  
  169  14:24  Gateway  
  169  14:28  Gateway  
  169  14:30  Gateway x2  
  169  14:32  Stalker  
  169  14:33  Gateway, Stalker x5  
  169  14:34  Gateway, Stalker x3  
  169  14:35  Gateway  
  169  14:36  Observer  
  169  14:37  Stalker  
  190  14:38  Stalker  
  190  14:40  Immortal  
  190  14:44  Immortal  
  200  14:58  Photon Cannon  
  198  15:01  Photon Cannon  
  198  15:03  Photon Cannon  
  198  15:06  Photon Cannon  
  191  15:10  Photon Cannon  
  191  15:12  Photon Cannon  
  191  15:13  Photon Cannon x2  
  189  15:25  Stalker x4  
  189  15:26  Stalker  
  199  15:29  Probe  
  200  15:55  Stalker  
  200  15:57  Stalker  
  200  16:00  Stalker  
  190  16:19  Stalker x4  
  190  16:20  Stalker  
  190  16:25  Nexus  
  189  16:33  Nexus  
  189  16:35  Pylon  
  189  16:38  Pylon  
  178  16:41  Probe x3, Pylon  
  178  16:42  Probe x3  
  184  16:47  Stalker x3  
  184  16:48  Stalker x2  
  184  16:52  Nexus  
  184  16:54  Probe x5  
  173  17:38  Stalker  
  173  17:39  Stalker x6  
  173  17:40  Stalker x4  
  173  17:42  Nexus  
  194  17:44  Probe, Pylon  
  194  17:45  Probe x5  
  198  18:05  Stalker  
Show
View Real Time Build Order
Export as new Build Order

WoundedOgre Protoss 

Build Orders:  

Get SALT Encoding   

  12  0:04  Probe (Chrono Boost)  
  13  0:13  Probe (Chrono Boost)  
  14  0:19  Probe  
  15  0:29  Pylon  
  15  0:34  Assimilator  
  15  0:47  Probe  
  16  0:52  Gateway  
  16  0:57  Gateway  
  16  1:06  Probe  
  17  1:18  Probe  
  18  1:27  Pylon  
  18  1:30  Probe, Pylon  
  19  1:39  Forge  
  19  1:48  Cybernetics Core  
  19  2:12  Pylon  
  19  2:28  Robotics Facility  
  19  2:32  Assimilator  
  19  2:34  Probe (Chrono Boost)  
  20  2:38  Warp Gate  
  21  2:44  Probe (Chrono Boost), Photon Cannon  
  21  2:49  Probe (Chrono Boost)  
  21  2:50  Photon Cannon  
  22  3:00  Probe  
  22  3:01  Photon Cannon  
  23  3:09  Pylon  
  23  3:30  Photon Cannon  
  23  3:32  Photon Cannon  
  23  3:51  Shield Battery  
  23  4:02  Robotics Facility  
  23  4:08  Photon Cannon x2  
  23  4:10  Photon Cannon  
  23  4:14  Shield Battery  
  23  4:28  Photon Cannon  
  23  4:30  Photon Cannon  
  23  4:48  Immortal (Chrono Boost)  
  27  5:03  Pylon  
  27  5:10  Protoss Shields Level 1  
  27  5:23  Immortal (Chrono Boost)  
  31  5:36  Shield Battery  
  31  5:45  Photon Cannon  
  31  5:53  Photon Cannon  
  31  6:18  Immortal  
  35  7:37  Pylon  
  35  7:50  Nexus  
  35  8:00  Immortal  
  35  8:49  Immortal  
  39  8:56  Zealot  
  39  8:57  Zealot  
  43  9:06  Protoss Ground Weapons Level 1  
  44  9:10  Observer  
  44  9:29  Immortal  
  44  9:31  Probe (Chrono Boost)  
  49  9:41  Probe (Chrono Boost)  
  50  9:46  Probe (Chrono Boost)  
  51  9:57  Probe  
  48  10:09  Probe  
  48  10:10  Stargate  
  48  10:11  Stargate  
  48  10:13  Stargate  
  49  10:18  Assimilator  
  49  10:21  Probe  
  49  10:23  Assimilator  
  50  10:33  Probe  
  55  10:45  Probe, Warp Prism  
  54  10:57  Probe (Chrono Boost)  
  55  11:07  Probe (Chrono Boost)  
  56  11:12  Probe (Chrono Boost)  
  56  11:13  Fleet Beacon  
  56  11:15  Observer  
  56  11:17  Protoss Air Weapons Level 1  
  58  11:20  Void Ray x2 (Chrono Boost)  
  58  11:24  Probe  
  67  11:29  Void Ray (Chrono Boost)  
  71  12:00  Stalker x2  
  59  13:23  Protoss Air Armor Level 1 (Chrono Boost)  
  37  13:46  Carrier (Chrono Boost)  
  37  13:47  Carrier x2 (Chrono Boost)  
  55  14:23  Warp Prism  
  75  14:52  Anion Pulse-Crystals  
Tags
 
Add a new tag
Caveats
  • Supply blocks, unpowered buildings, or Contaminate may cause inaccurate times.
  • Supply counts are checked every 10 seconds.